 Dungeon Crawl Stone Soup version 0.30-a0-986-g7f2e898f52 (webtiles) character file.

Game seed: 10417901995318527616

18925 Zonian the Warrior (level 12, -2/169 HPs)
             Began as a Barachi Brigand on Apr 1, 2023.
             Was a Believer of Ashenzari.
             Slain by a wolf spider (7 damage)
             ... on level 3 of the Lair of Beasts.
             The game lasted 00:38:11 (13011 turns).

Zonian the Warrior (Barachi Brigand)               Turns: 13011, Time: 00:38:11

Health: -2/169     AC: 15    Str: 16    XL:     12   Next: 63%
Magic:  12/12      EV: 13    Int: 14    God:    Ashenzari [**....]
Gold:   904        SH:  8    Dex: 13    Spells: 11/11 levels left

rFire   . . .      SeeInvis +      - Unarmed
rCold   . . .      Faith    .    f - +3 warlock's mirror {omnireflect, Melee, Cun} (curse)
rNeg    + . .      Spirit   .    E - +1 steam dragon scales
rPois   +          Reflect  +    (no helmet)
rElec   .          Rampage  +    c - +0 cloak "Vision of Ashenzari" {Evo, Bglg} (curse)
rCorr   .                        z - +2 pair of gloves
Will    .....                    K - +0 pair of boots "Lashed Paranoia" {Elem, Alch} (curse) Stlth
                                 k - amulet "Gess" {Rampage rN+ Regen+}
HPRegen 1.28/turn                j - ring of poison resistance
MPRegen 0.13/turn                r - +4 ring of protection

@: berserking, unable to hop, very quick
A: amphibious, slowness 1, strong legs 1, +LOS
a: Hop, Renounce Religion, Curse Item, Shatter the Chains


You were on level 3 of the Lair of Beasts.
You worshipped Ashenzari.
Ashenzari was pleased with you.
You visited 3 branches of the dungeon, and saw 12 of its levels.

You collected 904 gold pieces.

Inventory:

Missiles
 d - 20 poisoned darts (quivered)
 e - 5 curare-tipped darts
 L - 6 atropa-tipped darts
Armour
 b - a +0 robe
 c - the cursed +0 cloak "Vision of Ashenzari" (worn) {Evo, Bglg}

   It has a curse which improves the following skills: Evocations: Evocations.
   Beguiling: Conjurations, Hexes and Translocations.
 f - the cursed +3 warlock's mirror (worn) {omnireflect, Melee, Cun}
   (You acquired it on level 4 of the Dungeon)

   Omnireflect: It can block and reflect piercing ranged attacks and magical
   attacks against the wielder's willpower.
   It has a curse which improves the following skills: Melee Combat: Short
   Blades, Long Blades, Axes, Maces & Flails, Polearms, Staves and Unarmed
   Combat.
   Cunning:   Dodging and Stealth.
 z - a +2 pair of gloves (worn)
 E - +1 steam dragon scales (worn)
 K - the cursed +0 pair of boots "Lashed Paranoia" (worn) {Elem, Alch}
   (You found it on level 2 of the Lair of Beasts)

   It has a curse which improves the following skills: Elements: Fire Magic, Ice
   Magic, Air Magic and Earth Magic.
   Alchemy:   Poison Magic and Transmutations.
Jewellery
 j - a ring of poison resistance (left hand)
 k - the amulet "Gess" (around neck) {Rampage rN+ Regen+}
   (You acquired it on level 4 of the Dungeon)

   [amulet of regeneration]

   rN:        It protects you from negative energy.
   Regen:     It increases your rate of health regeneration.
   Rampage:   It bestows one free step when moving towards enemies.
 r - a +4 ring of protection (right hand)
 y - a +4 ring of protection
 D - a ring of ice
 H - an amulet of reflection
 M - the ring "Vuinnamu" {Str+4 Int+6}
   (You found it on level 2 of the Lair of Beasts)

   [ring of intelligence]

   Str:       It affects your strength (+4).
   Int:       It affects your intelligence (+6).
Wands
 A - a wand of digging (5)
 G - a wand of acid (1)
 N - a wand of mindburst (9)
 O - a wand of polymorph (5)
Scrolls
 l - a scroll of summoning
 m - a scroll of vulnerability
 o - 7 scrolls of fog
 p - a scroll of blinking
 q - a scroll of teleportation
 t - a scroll of torment
 u - a scroll of amnesia
 v - 2 scrolls of magic mapping
 x - a scroll of silence
Potions
 g - 6 potions of attraction
 h - 5 potions of flight
 s - 3 potions of brilliance
 w - 8 potions of curing
 B - 2 potions of berserk rage
 C - 2 potions of might
 F - 2 potions of haste
 I - a potion of mutation
 P - 2 potions of resistance


   Skills:
 + Level 16.4 Fighting
 - Level 2.1(3.1) Short Blades
 - Level 2.0 Throwing
 - Level 3.1(4.1) Dodging
 - Level 3.9(5.0) Stealth
 - Level 4.0 Shields
 + Level 15.0(16.0) Unarmed Combat
 - Level 3.1(4.1) Evocations


You had 11 spell levels left.
You didn't know any spells.
Your spell library contained the following spells:

 Spells                   Type           Power      Damage    Failure   Level
 Magic Dart               Conj           0%         1d3       34%         1
 Summon Small Mammal      Summ           0%         N/A       36%         1
 Lesser Beckoning         Tloc           0%         N/A       47%         2
 Call Imp                 Summ           0%         N/A       50%         2
 Gell's Gravitas          Tloc           0%         N/A       71%         3
 Mephitic Cloud           Conj/Pois/Air  0%         N/A       71%         3
 Teleport Other           Tloc           0%         N/A       71%         3
 Call Canine Familiar     Summ           0%         N/A       73%         3
 Summon Guardian Golem    Hex/Summ       0%         N/A       73%         3
 Summon Lightning Spire   Summ/Air       0%         N/A       98%         4
 Storm Form               Tmut/Air       0%         N/A       100%        7
 Maxwell's Capacitive Co  Air            0%         ∞         100%        8


Dungeon Overview and Level Annotations

Branches:
Dungeon (8/15)             Temple (1/1) D:7            Lair (3/5) D:8
  Swamp (0/4) Lair:3
  Snake: Lair:2-3    Spider: Lair:2-3

Altars:
Ashenzari
Cheibriados
Dithmenos
Elyvilon
Fedhas
Hepliaklqana
Kikubaaqudgha
Makhleb
Nemelex Xobeh
Okawaru
Qazlal
Sif Muna
Vehumet
Wu Jian
Xom
Yredelemnul
Zin
The Shining One


Innate Abilities, Weirdness & Mutations

You are amphibious.
You cover ground slowly.
You can hop short distances.
You have an extended range of vision and can be seen from far away.


Message History

The skyshark tail-slaps you but does no damage.
The skyshark tail-slaps you.
* * * LOW HITPOINT WARNING * * *
You hit the skyshark.
The skyshark is almost dead.
The skyshark bites you but does no damage.
You block the skyshark's attack.
The skyshark tail-slaps you but does no damage.
You punch the skyshark!
You kill the skyshark!
Training target 4.0 for Dodging reached!
Training target 4.0 for Shields reached!
Your base Dodging skill increases to level 3!
Your Shields skill increases to level 4!
Your base Unarmed Combat skill increases to level 15!
You block the wolf spider's attack.
The wolf spider bites you but does no damage.
The wolf spider attacks as you move away!
The wolf spider hits you.
* * * LOW HITPOINT WARNING * * *
The wolf spider bites you!
* * * LOW HITPOINT WARNING * * *
Aiming: Corrosive Bolt
Press: ? - help, Shift-Dir - straight line, f - wolf spider
Aim: a wolf spider (74% to hit)
Okay, then.
Okay, then.
Okay, then.
You completely miss the wolf spider. The wolf spider hits you!
* * * LOW HITPOINT WARNING * * *
The wolf spider bites you but does no damage.
You block the wolf spider's attack. The wolf spider closely misses you.
A red film seems to cover your vision as you go berserk!
You feel yourself moving faster!
You feel mighty! The wolf spider hits you!
* * * LOW HITPOINT WARNING * * *
You block the wolf spider's attack.
You pummel the wolf spider!!
The wolf spider is heavily wounded.
The wolf spider hits you!
You die...

* @l * ** , , #{ {, * * ##
#{######** , ♣♣.. ♣{♣....♣♣
, #♣...,*,♣)♣....♣#,,
#.....♣♣♣♣♣.....#.....#...
, ♣....♣.♣.♣†...♣#...#.....
*♣....♣.♣sF..♣♣#...+.....
#######..@#######....8....
,..........................
......<..>..........##....
,
#P##.#...............#....
*, *#.#....+#.....#.....#†.
#....P..............#† ,
##..................†# * ,
##...P....?..........#
#.....P..#.####....P##


You could see a wolf spider and a blink frog.

Vanquished Creatures
  Josephine (Lair:3)
  A hydra (Lair:2)
  Nergalle (Lair:2)
  A skyshark (Lair:3)
  Pikel (D:8)
  3 elephants (Lair:1)
  2 black mambas
  5 cane toads
  Maggie (D:6)
  A rime drake (Lair:3)
  Psyche (D:8)
  8 komodo dragons
  A polar bear (Lair:2)
  Grinder (D:3)
  7 blink frogs
  A wraith (Lair:3)
  13 yaks
  3 basilisks
  5 wyverns
  Grum (D:8)
  An acid dragon (D:8)
  11 water moccasins
  4 orc warriors
  3 ice beasts
  3 sky beasts (D:6)
  4 black bears
  6 wolves
  An ogre (D:5)
  2 centaurs
  A phantom (D:6)
  A kobold brigand (D:8)
  8 bullfrogs
  2 scorpions
  5 wights (D:7)
  2 howler monkeys
  3 electric eels (Lair:2)
  2 jellies (D:5)
  6 orc priests
  3 hounds
  2 sleepcaps
  An iguana (D:6)
  6 orc wizards
  6 gnolls (D:5)
  8 adders
  A shadow imp (D:8)
  A white imp (D:5)
  2 ufetubi (D:5)
  3 worms
  A dart slug (D:5)
  25 orcs
  14 ball pythons
  11 endoplasms
  4 giant cockroaches
  4 hobgoblins
  9 kobolds
  3 quokkas
  8 bats
  A frilled lizard (D:2)
  8 goblins
  A goblin zombie (D:3)
  3 hobgoblin zombies (D:3)
  3 kobold skeletons (D:3)
  2 kobold zombies (D:3)
  An orc skeleton (D:3)
  An orc zombie (D:3)
  4 rats
259 creatures vanquished.

Vanquished Creatures (others)
  5 fungi
  8 plants
13 creatures vanquished.

Grand Total: 272 creatures vanquished

Notes
Turn   | Place    | Note
-------+----------+-------------------------------------------
     0 | D:1      | Zonian the Barachi Brigand began the quest for the Orb.
     0 | D:1      | Reached XP level 1. HP: 17/17 MP: 1/1
   368 | D:1      | Reached XP level 2. HP: 23/23 MP: 2/2
   555 | D:1      | Reached skill level 1 in Unarmed Combat
  1160 | D:2      | Reached XP level 3. HP: 24/28 MP: 3/3
  1242 | D:2      | Reached skill level 3 in Fighting
  1468 | D:2      | Found a faded altar of an unknown god.
  1486 | D:2      | HP: 1/29 [ball python (3)]
  2009 | D:2      | Reached XP level 4. HP: 35/35 MP: 4/4
  2576 | D:3      | Found a sparkling altar of Nemelex Xobeh.
  2877 | D:3      | Found an iron altar of Okawaru.
  2947 | D:3      | Reached skill level 4 in Fighting
  3063 | D:3      | Found a stormy altar of Qazlal.
  3103 | D:3      | Found a basalt altar of Yredelemnul.
  3166 | D:3      | Found a glowing golden altar of the Shining One.
  3341 | D:3      | Reached XP level 5. HP: 37/42 MP: 5/5
  3487 | D:3      | Noticed Grinder
  3493 | D:3      | Paralysed by Grinder for 5 turns
  3517 | D:3      | Paralysed by Grinder for 3 turns
  3523 | D:3      | Killed Grinder
  3524 | D:3      | Reached skill level 5 in Fighting
  3524 | D:3      | Reached XP level 6. HP: 17/51 MP: 6/6
  4194 | D:4      | Identified 2 scrolls of acquirement
  4194 | D:4      | Acquired the amulet "Gess" {Rampage rN+ Regen+}
  4201 | D:4      | Acquired the +3 warlock's mirror {omnireflect}
  4201 | D:4      | Found the +3 warlock's mirror {omnireflect}
  4553 | D:5      | Entered Level 5 of the Dungeon
  4561 | D:5      | Noticed an ice beast
  4581 | D:5      | Reached skill level 6 in Fighting
  4581 | D:5      | Reached XP level 7. HP: 47/58 MP: 7/7
  4650 | D:5      | Reached skill level 5 in Unarmed Combat
  4886 | D:5      | Found an ornate altar of the Wu Jian Council.
  4940 | D:5      | Found a radiant altar of Vehumet.
  4999 | D:5      | Found a shimmering blue altar of Sif Muna.
  5008 | D:5      | Reached skill level 7 in Fighting
  5199 | D:5      | Reached XP level 8. HP: 48/67 MP: 8/8
  5284 | D:5      | Found a snail-covered altar of Cheibriados.
  5462 | D:5      | Found a blossoming altar of Fedhas.
  5657 | D:5      | Reached skill level 8 in Fighting
  5937 | D:6      | Found a white marble altar of Elyvilon.
  5978 | D:6      | Noticed Maggie
  6006 | D:6      | Reached skill level 9 in Fighting
  6039 | D:6      | Found a hazy altar of Hepliaklqana.
  6175 | D:6      | Reached XP level 9. HP: 57/77 MP: 9/9
  6391 | D:6      | Killed Maggie
  6392 | D:6      | Reached skill level 10 in Fighting
  6687 | D:7      | Found a staircase to the Ecumenical Temple.
  6731 | Temple   | Entered the Ecumenical Temple
  6814 | Temple   | Became a worshipper of Ashenzari the Shackled
  7281 | D:7      | Reached skill level 11 in Fighting
  7416 | D:7      | Reached skill level 10 in Unarmed Combat
  7628 | D:8      | Noticed Pikel
  7655 | D:8      | Killed Pikel
  7656 | D:8      | Reached XP level 10. HP: 83/89 MP: 10/10
  7712 | D:8      | Noticed Psyche
  7722 | D:8      | Killed Psyche
  7723 | D:8      | Reached skill level 12 in Fighting
  7901 | D:8      | Identified the +7 dagger of the Disturbing Planets {venom,
                  | Drain rPois Str+8}
  7923 | D:8      | Found an ancient bone altar of Kikubaaqudgha.
  8524 | D:8      | Found a staircase to the Lair.
  8786 | D:8      | Reached skill level 13 in Fighting
  9262 | D:8      | Noticed Grum
  9280 | D:8      | Killed Grum
  9353 | Lair:1   | Entered Level 1 of the Lair of Beasts
  9367 | Lair:1   | Reached XP level 11. HP: 83/99 MP: 11/11
  9554 | Lair:1   | Reached * piety under Ashenzari
  9598 | Lair:1   | Reached skill level 14 in Fighting
 10215 | Lair:1   | Reached skill level 15 in Fighting
 10837 | Lair:1   | Upgraded the game from 0.30-a0-972-gf3ab3527aa to
                  | 0.30-a0-986-g7f2e898f52
 11264 | Lair:2   | Reached ** piety under Ashenzari
 11541 | Lair:2   | Reached XP level 12. HP: 83/111 MP: 12/12
 11752 | Lair:2   | Noticed a five-headed hydra
 11773 | Lair:2   | Identified the ring "Vuinnamu" {Str+4 Int+6}
 11796 | Lair:2   | Noticed Nergalle
 11818 | Lair:2   | Reached skill level 1 in Shields
 11826 | Lair:2   | Killed Nergalle
 11827 | Lair:2   | Reached skill level 16 in Fighting
 12204 | Lair:2   | Reached skill level 1 in Evocations
 12395 | Lair:2   | Killed a five-headed hydra
 12930 | Lair:3   | Noticed a skyshark
 12968 | Lair:3   | Noticed a death yak
 12968 | Lair:3   | Noticed a skyshark
 12968 | Lair:3   | Noticed Josephine
 12988 | Lair:3   | Killed Josephine
 13006 | Lair:3   | Killed a skyshark
 13007 | Lair:3   | Reached skill level 15 in Unarmed Combat
 13010 | Lair:3   | HP: 4/169 [wolf spider (13)]
 13011 | Lair:3   | Slain by a wolf spider

Illustrated notes

Levels and vault maps discovered:
D:1:      psy_arrival_radial02, layout_loops_ring
D:2:      layout_basic, nicolae_ecumenical_snake_handling
D:3:      layout_loops_ring, nicolae_tso_besieged_by_evil, old_standard_altar,
          marbit_many_paths, okawaru_metal_pillars_1_2,
          nicolae_qazlal_general_emergency, nicolae_half_adder, uniq_grinder
D:4:      cheibrodos_helix_gallery, layout_rooms
D:5:      layout_loops_cross, kennysheep_orc_sif_temple, old_standard_altar,
          lemuel_round_altar, mainiacjoe_overflow_boulevard, pf_just_have_faith,
          kennysheep_generic_room_7
D:6:      layout_loops_ring, elyvilon_altar_5, mainiacjoe_overflow_alcove_2,
          minmay_checkerbox, uniq_maggie
D:7:      layout_basic, minmay_temple_entry_slanted
D:8:      layout_rooms, kiku_gazebo_pond_becter, erik_lair_dragon, uniq_pikel,
          uniq_psyche, uniq_grum
Temple:   hellmonk_temple_beads
Lair:1:   layout_layer_cave
Lair:2:   layout_gridlike, uniq_nergalle
Lair:3:   nzn_winding_woodlands_small [nzn_winding_woodlands_5x15_crooked,
          nzn_winding_woodlands_center_pierced_h,
          nzn_winding_woodlands_5x15_parted], layout_chaotic_city,
          minmay_swamp_entry_reptiles, hellmonk_spider_entry_not_the_bees,
          grunt_megastairs_5, uniq_josephine

Skill      XL: |  1  2  3  4  5  6  7  8  9 10 11 12 |
---------------+-------------------------------------+-----
Unarmed Combat | 1 2 4 6 8 10 12 14 15 | 15.0
Fighting       | 3 4 5 6 7 9 11 13 15 16 | 16.4
Shields        | 4 |  4.0
Evocations     | 3 |  3.1
Dodging        | 3 |  3.1
Short Blades   | |  2.1
Throwing       | |  2.0
Stealth        | |  3.9

Action                     |  1- 3 |  4- 6 |  7- 9 | 10-12 || total
---------------------------+-------+-------+-------+-------++-------
  Melee: Unarmed           |   181 |   402 |   398 |   576 ||  1557
         Dagger            |     3 |       |       |       ||     3
         Punch             |     5 |    11 |       |       ||    16
  Throw: Dart              |     1 |     3 |     4 |     4 ||    12
         Throwing net      |     1 |     1 |       |       ||     2
 Invoke: Curse Item        |       |       |     1 |     2 ||     3
Ability: Hop               |     2 |     1 |       |     1 ||     4
  Evoke: Wand              |       |       |       |     7 ||     7
    Use: Potion            |     3 |     1 |     1 |     3 ||     8
         Scroll            |       |     9 |     6 |     3 ||    18
   Stab: Sleeping          |     8 |     6 |     9 |     8 ||    31
         Distracted        |     1 |       |       |     1 ||     2
         Held in net/web   |       |     1 |       |       ||     1
         Petrifying        |       |       |       |     1 ||     1
 Armour: Robe              |    42 |   139 |   102 |       ||   283
         Skin              |       |       |     2 |       ||     2
         Steam dragon scal |       |       |    42 |   179 ||   221
  Dodge: Dodged            |   133 |   245 |   155 |   258 ||   791
  Block: Buckler           |       |    13 |   110 |   177 ||   300
         Reflection        |       |       |     3 |     8 ||    11

Table legend: (Time is in decaauts)
 A = Elapsed time spent in this place.
 B = Non-inter-level travel time spent in this place.
 C = Inter-level travel time spent in this place.
 D = Time resting spent in this place.
 E = Time spent auto-exploring this place.
 F = Levels seen in this place.
 G = Mean time per level.
                   A        B        C        D        E       F      G
               +--------+--------+--------+--------+--------+-----+--------+
         Total |  14288 |  13785 |    503 |   3296 |   6589 |  12 | 1190.7 |
       Dungeon |  10189 |   9924 |    265 |   1983 |   5067 |   8 | 1273.6 |
        Temple |    179 |    100 |     79 |      0 |     82 |   1 |  179.0 |
          Lair |   3919 |   3761 |    158 |   1313 |   1438 |   3 | 1306.3 |
               +--------+--------+--------+--------+--------+-----+--------+

Top non-repeatable levels by time:
  Lair:1: 1958 daAuts
     D:8: 1902 daAuts
  Lair:2: 1785 daAuts
     D:2: 1676 daAuts
     D:3: 1675 daAuts
     D:5: 1303 daAuts
     D:1: 1095 daAuts
     D:7: 928 daAuts
     D:6: 896 daAuts
     D:4: 711 daAuts
  Temple: 179 daAuts
  Lair:3: 176 daAuts
